 Dungeon Crawl Stone Soup version 0.18-a0-1468-gaf180a1 (webtiles) character file.

1944 4thArraOfDagon the Skirmisher (level 8, -5/67 HPs)
             Began as a Demigod Wanderer on Mar 1, 2016.
             Slain by a troll (13 damage)
             ... on level 9 of the Dungeon.
             The game lasted 00:23:37 (3353 turns).

4thArraOfDagon the Skirmisher (Demigod Wanderer)    Turns: 3353, Time: 00:23:37

Health: -5/67      AC:  8    Str: 15    XL:     8   Next: 66%
Magic:  1/14       EV: 12    Int: 23    God:
Gold:   186        SH:  0    Dex: 12    Spells: 3 memorised, 5 levels left

rFire  . . .     SeeInvis .     w - +1 rapier (venom)
rCold  . . .     Gourm    .     l - +0 ring mail
rNeg   . . .     Faith    .     (no shield)
rPois  .         Spirit   .     s - +0 helmet
rElec  .         Dismiss  .     m - +0 cloak
rCorr  .         Reflect  .     (no gloves)
SustAt +         Harm     .     (no boots)
MR     .....                    (no amulet)
Stlth  +.........               (no ring)
                                (no ring)

@: very slightly contaminated, hasted, very quick, not resistant to hostile
enchantments, very unstealthy
A: high mp 1, sustain attributes
a: no special abilities


You were on level 9 of the Dungeon.
You were hungry.

You visited 1 branch of the dungeon, and saw 10 of its levels.

You collected 186 gold pieces.

Inventory:

Hand Weapons
 c - a +4 war axe of freezing
 w - a +1 rapier of venom (weapon)
Missiles
 y - 11 poisoned needles
Armour
 l - a +0 ring mail (worn)
 m - a +0 cloak (worn)
 s - a +0 helmet (worn)
Wands
 r - a wand of disintegration (1/24)
 v - a wand of slowing (30/48)
Scrolls
 b - 2 scrolls of amnesia
 d - 2 scrolls of immolation
 h - a scroll of random uselessness
 k - a scroll of remove curse
Potions
 i - 2 potions of heal wounds {unknown}
 j - a potion of resistance {unknown}
 n - 2 potions of cancellation {unknown}
 p - a potion of agility {unknown}
 u - a potion of brilliance {unknown}
 x - a potion of haste
 z - a potion of berserk rage {unknown}
Books
 a - a Young Poisoner's Handbook

   Spells                             Type                      Level
   a - Sting                          Conjuration/Poison           1
   b - Cure Poison                    Poison                       2
   c - Mephitic Cloud                 Conjuration/Poison/Air       3
   d - Olgreb's Toxic Radiance        Poison                       4
   e - Venom Bolt                     Conjuration/Poison           5
 t - a book of Dreams

   Spells                             Type                      Level
   a - Ensorcelled Hibernation        Hexes/Ice                    2
   b - Silence                        Hexes/Air                    5
   c - Darkness                       Hexes                        6
   d - Mass Confusion                 Hexes                        6
   e - Shadow Creatures               Summoning                    6
Comestibles
 f - a bread ration
 g - 6 chunks of flesh


   Skills:
 + Level 4.4 Fighting
 * Level 3.6(4.2) Axes
   Level 3.0(3.9) Polearms
 - Level 1.0 Throwing
 + Level 3.7 Armour
 + Level 3.5 Dodging
 - Level 1.7 Stealth
   Level 1.0 Shields
 - Level 2.0 Spellcasting
 - Level 3.2 Conjurations
 - Level 3.1 Air Magic
 - Level 4.0 Poison Magic


You had 5 spell levels left.
You knew the following spells:

 Your Spells              Type           Power        Failure   Level  Hunger
a - Sting                 Conj/Pois      ###.         6%          1    #......
b - Mephitic Cloud        Conj/Pois/Air  ###.....     21%         3    ###....
c - Cure Poison           Pois           ###.......   10%         2    ##.....


Dungeon Overview and Level Annotations

Branches:
Dungeon (10/15)            Temple (0/1) D:6
   Lair: D:8-11         Orc: D:9-12

Annotations:
D:2 Terence
D:3 Azzok's ghost, amateur DrTm; Jessica


Innate Abilities, Weirdness & Mutations

You have an increased reservoir of magic (+10% MP).
Your attributes are resistant to harm.


Message History

Really walk into that cloud of noxious fumes?
Okay, then.
The troll chortles and stares into space.
The troll laughs crazily.
Things that are here:
a +1 mace of draining; a +0 dagger; a +0 spear The troll bites you.
* * * LOW HITPOINT WARNING * * *
The troll claws you but does no damage. The troll barely misses you.
Unknown command.
Unknown command.
You hit the troll.
The troll looks even sicker.
The troll is heavily wounded.
The troll barely misses you. The troll misses you. The troll claws you.
* * * LOW HITPOINT WARNING * * *
Unknown command.
You hit the troll.
The troll looks even sicker.
The troll is severely wounded.
The troll bites you!
You die...

##### #...### ######
#.#.#.#########....#
###.#.#.T.......#....#
#...#.#@#######.#....#
#.....#)# #......#
#..<..#.# ########'####
#...# ##....#.#
#............ #...#
#....#.# #......#####.
#...#
#....#)####......#####.
#...#
#....#>)..'............
#...#
#...[#.####............
#...#
####.#.####......#.####


You could see a troll (confused).

Vanquished Creatures
  Eustachio (D:5)
  An orc warrior (D:8)
  An ice beast (D:10)
  A wasp (D:9)
  2 ogres
  2 giant frogs (D:6)
  A wyvern zombie (D:9)
  A water moccasin zombie (D:7)
  7 killer bees
  5 wights (D:8)
  A howler monkey (D:5)
  2 crimson imps
  A quasit (D:8)
  6 hounds
  A giant frog skeleton (D:9)
  4 iguanas
  3 worker ants
  A hound zombie (D:6)
  A howler monkey zombie (D:8)
  A howler monkey skeleton (D:5)
  4 adders
  2 shadow imps
  2 oozes
  An adder skeleton (D:4)
  2 adder zombies
  3 dart slugs
  4 giant geckos
  3 orcs
  5 giant cockroaches
  7 goblins
  3 hobgoblins
  3 jackals (D:1)
  A quokka (D:5)
  2 bats
  A giant gecko skeleton (D:4)
  A jackal skeleton (D:4)
  5 kobolds
  A quokka skeleton (D:4)
  4 rats
97 creatures vanquished.

Vanquished Creatures (collateral kills)
  2 killer bees (D:8)
2 creatures vanquished.

Vanquished Creatures (others)
  A quokka (D:9)
1 creature vanquished.

Grand Total: 100 creatures vanquished

Notes
Turn   | Place    | Note
--------------------------------------------------------------
     0 | D:1      | 4thArraOfDagon the Demigod Wanderer began the quest for the Orb.
     0 | D:1      | 4thArraOfDagon set off with: a Young Poisoner's Handbook, a +0 spear, a potion of lignification, a +0 robe, a +0 dagger, a bread ration
     0 | D:1      | Reached XP level 1. HP: 16/16 MP: 5/5
     2 | D:1      | Learned a level 1 spell: Sting
   179 | D:1      | Reached XP level 2. HP: 21/23 MP: 0/7
   368 | D:2      | Noticed Terence
   516 | D:3      | Noticed Azzok's ghost (amateur DrTm)
   572 | D:3      | Found a shimmering altar of Xom.
   583 | D:2      | Found a blossoming altar of Fedhas.
   587 | D:2      | Reached XP level 3. HP: 28/28 MP: 8/8
   674 | D:4      | Found a radiant altar of Vehumet.
   674 | D:4      | Found a burning altar of Makhleb.
   711 | D:4      | Learned a level 3 spell: Mephitic Cloud
   798 | D:4      | Reached XP level 4. HP: 12/35 MP: 1/9
   833 | D:3      | Noticed Jessica
   862 | D:4      | Reached skill level 1 in Air Magic
   875 | D:4      | Learned a level 2 spell: Cure Poison
   876 | D:4      | Noticed an ogre
   907 | D:4      | Killed an ogre
   907 | D:4      | Reached skill level 1 in Conjurations
   907 | D:4      | Reached XP level 5. HP: 27/41 MP: 2/10
   990 | D:5      | Entered Level 5 of the Dungeon
  1262 | D:6      | Reached XP level 6. HP: 31/48 MP: 7/11
  1376 | D:5      | ISSUE
  1426 | D:4      | Found a stormy altar of Qazlal.
  1531 | D:6      | Noticed Eustachio
  1592 | D:5      | Killed Eustachio
  1647 | D:5      | Reached XP level 7. HP: 25/55 MP: 1/13
  1783 | D:6      | Found a staircase to the Ecumenical Temple.
  1836 | D:6      | BLOAX: good rapier
  1908 | D:6      | 4thArraOfDagon: hi
  1908 | D:6      | BLOAX: hi
  1908 | D:6      | BLOAX: https://dl.dropboxusercontent.com/u/63152810/n/xcom/piratez/BioSuit.gif
  1908 | D:6      | 4thArraOfDagon: so i was at that Soulfly show recently
  1908 | D:6      | BLOAX: did you enjoy the show
  1908 | D:6      | 4thArraOfDagon: yea , well mostly impressed by one supporting band
  1908 | D:6      | 4thArraOfDagon: King Parrot
  1908 | D:6      | 4thArraOfDagon: https://www.youtube.com/watch?v=TMw0FB_Fdas
  1908 | D:6      | 4thArraOfDagon: the frontman vocal abilities are amazing
  1909 | D:6      | 4thArraOfDagon: and that alien suit is cute^_^
  1952 | D:7      | Reached skill level 1 in Armour
  1952 | D:7      | Reached skill level 1 in Dodging
  1959 | D:7      | Found a white marble altar of Elyvilon.
  2374 | D:8      | Found an oddly glowing altar of Pakellas.
  2451 | D:8      | BLOAX: amazing vocal abilities eh https://www.youtube.com/watch?v=IG-FgsBPcMk
  2518 | D:8      | Reached skill level 1 in Axes
  2562 | D:8      | Reached XP level 8. HP: 55/63 MP: 9/14
  2765 | D:10     | Entered Level 10 of the Dungeon
  3077 | D:9      | HP: 1/66 [wyvern zombie (13)]
  3268 | D:9      | Noticed a troll
  3306 | D:9      | BLOAX: oh and of course the meme song https://www.youtube.com/watch?v=XtCe5Q64gS0
  3353 | D:9      | Slain by a troll

Vault maps used:
D:1:      tarquinn_simple_flora_water_f, serial_corexii_hall,
          corexii_hall_statues_u, corexii_hall_statues_t,
          corexii_hall_statues_l, corexii_hall_statues_x, moated_statue,
          wad_floor_pattern_untrapped, minmay_misc_feat_pillars,
          patterned_corridor
D:2:      old_standard_altar, first_bread, uniq_terence, uniq_natasha
D:3:      led_xom_imps, kennysheep_okawaru_gauntlet, uniq_jessica,
          uniq_crazy_yiuf_cottage
D:4:      nicolae_overflow_hidden_temple,
          grunt_temple_overflow_lords_of_destruction, lemuel_old_faithful
D:6:      minmay_temple_entry_glassed_door, grunt_ministairs_13, uniq_eustachio
D:7:      basic_altar
D:8:      grunt_pakellas_basics
D:9:      grunt_dithmenos_shadows, elyvilon_altar_4, special_room

Skill      XL: |  1  2  3  4  5  6  7  8 |
---------------+-------------------------+-----
Polearms       | 2 3 |  3.0
Spellcasting   | 2 |  2.0
Poison Magic   | 2 3 4 |  4.0
Air Magic      | 1 2 3 |  3.1
Conjurations   | 1 2 3 |  3.2
Fighting       | 2 3 4 |  4.4
Armour         | 2 3 |  3.7
Dodging        | 2 3 |  3.5
Axes           | 1 3 |  3.6
Throwing       | |  1.0
Stealth        | |  1.7
Shields        | |  1.0

Action                   |  1- 3 |  4- 6 |  7- 9 || total
-------------------------+-------+-------+-------++-------
Melee: Spear             |    65 |    42 |       ||   107
       Mace              |       |    58 |    65 ||   123
       Rapier            |       |    11 |    33 ||    44
       War axe           |       |       |    76 ||    76
 Cast: Sting             |    53 |    27 |    25 ||   105
       Mephitic Cloud    |       |     6 |    22 ||    28
       Cure Poison       |       |       |     1 ||     1
Evoke: Wand              |       |       |    15 ||    15
  Use: Scroll            |       |     1 |    10 ||    11
       Potion            |       |     1 |     4 ||     5
 Stab: Sleeping          |     1 |     1 |       ||     2
       Confused          |       |     3 |     4 ||     7
  Eat: Chunk             |       |     4 |     5 ||     9
       Fruit             |       |       |     2 ||     2
       Beef jerky        |       |       |     1 ||     1
       Royal jelly       |       |       |     1 ||     1
